 Dungeon Crawl Stone Soup version 0.20.1-1-g8b1a95d (webtiles) character file.

16634 manyhoops the Brawler (level 12, -9/84 HPs)
             Began as a Black Draconian Transmuter on Aug 6, 2017.
             Was a High Priest of Cheibriados.
             Mangled by a catoblepas (13 damage)
             ... on level 2 of the Lair of Beasts.
             The game lasted 00:23:14 (12931 turns).

manyhoops the Brawler (Black Draconian Transmuter) Turns: 12931, Time: 00:23:15

Health: -9/84      AC: 13    Str: 31    XL:     12   Next: 11%
Magic:  18/18      EV:  2    Int: 27    God:    Cheibriados [*****.]
Gold:   586        SH:  0    Dex: 24    Spells: 4/19 levels left

rFire    . . .     SeeInvis .     - Unarmed
rCold    . . .     Gourm    .   (no shield)
rNeg     + + +     Faith    .   (armour unavailable)
rPois    ∞         Spirit   .   j - +0 hat
rElec    +         Reflect  .   (no cloak)
rCorr    .         Harm     .   p - +2 pair of gloves
MR       .....                  B - +1 pair of boots
Stlth    ++........             J - amulet of magic regeneration
Regen    0.3/turn               k - +3 ring of evasion
MPRegen  0.3/turn               D - +2 ring of evasion

@: lethally poisoned (-9 -> -9), petrified, very slow
A: breathe lightning, unfitting armour, horns 1, frail 2, electricity
resistance, cold-blooded, AC +8
a: Breathe Lightning, Bend Time, Temporal Distortion, Slouch, Step From Time,
Renounce Religion


You were on level 2 of the Lair of Beasts.
You worshipped Cheibriados.
Cheibriados was extremely pleased with you.
You were very hungry.

You visited 3 branches of the dungeon, and saw 14 of its levels.

You collected 766 gold pieces.
You spent 180 gold pieces at shops.

Inventory:

Missiles
 a - 240 arrows
 q - 2 throwing nets (quivered)
Armour
 j - a +0 hat (worn)
 p - a +2 pair of gloves (worn)
 t - a +0 shield of reflection
 B - a +1 pair of boots (worn)
Jewellery
 k - a +3 ring of evasion (left hand)
 l - an uncursed ring of protection from magic
 y - an uncursed ring of poison resistance
 D - a +2 ring of evasion (right hand)
 E - an uncursed ring of ice
 G - an uncursed ring of resist corrosion
 J - an amulet of magic regeneration (around neck)
Wands
 s - a wand of digging (12/24)
 u - a wand of confusion (33/48)
 C - a wand of iceblast (9/15)
 F - a wand of flame (31/48)
 N - a wand of lightning (8/15)
Scrolls
 d - 4 scrolls of recharging
 g - 2 scrolls of remove curse
 i - 3 scrolls of teleportation
 m - 3 scrolls of amnesia
 o - a scroll of noise
 v - 3 scrolls of magic mapping
 x - a scroll of immolation
 A - a scroll of blinking
 L - a scroll of vulnerability {unknown}
Potions
 e - 3 potions of haste
 h - a potion of brilliance
 I - a potion of ambrosia
 M - a potion of resistance {unknown}
Books
 b - a book of Changes

   Spells                             Type                      Level
   a - Beastly Appendage              Transmutation                1
   b - Sticks to Snakes               Transmutation                2
   c - Spider Form                    Transmutation/Poison         3
   d - Ice Form                       Ice/Transmutation            4
   e - Blade Hands                    Transmutation                5
 w - a book of Minor Magic

   Spells                             Type                      Level
   a - Magic Dart                     Conjuration                  1
   b - Blink                          Translocation                2
   c - Call Imp                       Summoning                    2
   d - Slow                           Hexes                        2
   e - Conjure Flame                  Conjuration/Fire             3
   f - Mephitic Cloud                 Conjuration/Poison/Air       3
 H - a book of Necromancy

   Spells                             Type                      Level
   a - Pain                           Necromancy                   1
   b - Animate Skeleton               Necromancy                   1
   c - Vampiric Draining              Necromancy                   3
   d - Regeneration                   Charms/Necromancy            3
   e - Animate Dead                   Necromancy                   4
   f - Control Undead                 Necromancy                   4
 K - a book of Debilitation

   Spells                             Type                      Level
   a - Corona                         Hexes                        1
   b - Slow                           Hexes                        2
   c - Inner Flame                    Hexes/Fire                   3
   d - Portal Projectile              Hexes/Translocation          3
   e - Cause Fear                     Hexes                        4
   f - Leda's Liquefaction            Hexes/Earth                  4
Miscellaneous
 n - a phantom mirror
Comestibles
 c - 11 bread rations
 f - 2 fruits
 r - 7 meat rations
 z - 2 royal jellies


   Skills:
 - Level 10.1 Fighting
 - Level 1.7 Dodging
 - Level 15.0 Unarmed Combat
 - Level 4.0 Spellcasting
 + Level 8.1 Transmutations


You had 4 spell levels left.
You knew the following spells:

 Your Spells              Type           Power        Failure   Level  Hunger
a - Beastly Appendage     Tmut           #####.       1%          1    None
b - Sticks to Snakes      Tmut           #####...     1%          2    None
c - Spider Form           Tmut/Pois      ####......   4%          3    ##.....
d - Ice Form              Ice/Tmut       ####....     14%         4    ####...
e - Blade Hands           Tmut           #####.....   8%          5    #####..


Dungeon Overview and Level Annotations

Branches:
Dungeon (11/15)            Temple (1/1) D:6            Lair (2/6) D:11
    Orc (0/2) D:9
  Swamp: Lair:2-4    Shoals: Lair:2-4     Snake: Lair:2-4    Spider: Lair:2-4

Altars:
Ashenzari
Cheibriados
Dithmenos
Elyvilon
Fedhas
Hepliaklqana
Kikubaaqudgha
Makhleb
Nemelex Xobeh
Okawaru
Qazlal
Sif Muna
Trog
Uskayaw
Xom
Zin
The Shining One

Shops:
D:5 !   D:7 }


Innate Abilities, Weirdness & Mutations

You can breathe wild blasts of lightning.
Your glossy black scales are hard. (AC +8)
You cannot fit into any form of body armour.
You are resistant to electric shocks. (rElec)
You are cold-blooded and may be slowed by cold attacks.
You have a pair of small horns on your head.
You are very frail. (-20% HP)


Message History

The spiny frog stings you!
The butterfly is engulfed in calcifying dust.
The butterfly stops moving altogether!
The butterfly is engulfed in calcifying dust.
The spiny frog stings you.
The butterfly is engulfed in calcifying dust.
The butterfly stops moving altogether!
The spiny frog stings you but does no damage.
The spiny frog stings you.
The butterfly stops moving altogether!
The spiny frog stings you! The catoblepas gores you!!
* * * LOW HITPOINT WARNING * * *
The spiny frog stings you!
* * * LOW HITPOINT WARNING * * *
The catoblepas gores you!!
* * * LOW HITPOINT WARNING * * *
The spiny frog stings you!
* * * LOW HITPOINT WARNING * * *
The catoblepas gores you!!
You die...

.......... ...
....%....# ......
.%.....b.... ....
.b.......#. .....
.......... ....#
....b..%.# ....#.
.........##......
.......Y.#.....P.
.......F@<#
#.....##.##
###.## #.. #.
###. # #. #. .# #


You could see a catoblepas and a spiny frog.

Vanquished Creatures
  Gastronok (D:9)
  Josephine (D:10)
  A hydra (Lair:1)
  2 two-headed ogres (D:9)
  An elephant (D:11)
  2 centaur zombies (D:10)
  A spiny frog (Lair:1)
  2 komodo dragons (Lair:1)
  A merfolk (D:11)
  Sigmund (D:3)
  17 yaks
  A vampire (D:10)
  5 wraiths (D:10)
  Grum (D:10)
  A basilisk (D:11)
  A warg (D:9)
  2 water moccasins
  3 ice beasts
  8 orc warriors
  4 sky beasts
  A phantom (D:6)
  5 ogres
  A necrophage (D:10)
  4 centaurs
  2 wolves (D:10)
  4 crocodiles
  A big kobold (D:9)
  7 bullfrogs
  A gnoll sergeant (D:6)
  4 scorpions
  A water moccasin skeleton (D:7)
  4 killer bees (D:10)
  4 wights (D:9)
  2 howler monkeys
  2 bullfrog zombies
  7 crimson imps
  A quasit (D:7)
  4 bullfrog skeletons
  5 hounds
  2 jellies
  7 orc priests
  8 orc wizards
  2 iguanas
  Natasha (twice) (D:3)
  5 worker ants
  3 hound zombies
  A hound skeleton (D:11)
  A worker ant zombie (D:10)
  11 gnolls
  11 adders
  2 shadow imps (D:10)
  An adder skeleton (D:9)
  3 worms
  A dart slug (D:4)
  9 leopard geckos
  41 orcs
  A ball python (D:4)
  6 giant cockroaches
  7 goblins
  13 hobgoblins
  5 jackals
  7 kobolds
  4 quokkas
  7 bats
  3 frilled lizards
  A jackal skeleton (D:4)
  A leopard gecko skeleton (D:4)
  2 quokka skeletons (D:4)
  9 rats
292 creatures vanquished.

Vanquished Creatures (collateral kills)
  A two-headed ogre (D:9)
  An ogre (D:7)
  An orc wizard (D:3)
  A leopard gecko (D:7)
4 creatures vanquished.

Vanquished Creatures (others)
  An orc warrior (D:9)
  A scorpion (D:9)
  A crimson imp (D:9)
  An orc wizard (D:9)
4 creatures vanquished.

Grand Total: 300 creatures vanquished

Notes
Turn   | Place    | Note
-------+----------+-------------------------------------------
     0 | D:1      | manyhoops the Draconian Transmuter began the quest for the Orb.
     0 | D:1      | Reached XP level 1. HP: 16/16 MP: 3/3
   121 | D:1      | Reached XP level 2. HP: 17/23 MP: 5/5
   138 | D:1      | Reached skill level 4 in Unarmed Combat
   450 | D:1      | Reached XP level 3. HP: 24/28 MP: 6/6
   612 | D:2      | Found a glowing golden altar of the Shining One.
   756 | D:2      | Learned a level 2 spell: Sticks to Snakes
  1248 | D:3      | Noticed Natasha
  1252 | D:3      | Killed Natasha
  1252 | D:3      | Reached skill level 5 in Unarmed Combat
  1252 | D:3      | Reached XP level 4. HP: 35/35 MP: 5/7
  1550 | D:3      | Noticed Sigmund
  2072 | D:3      | Reached XP level 5. HP: 35/40 MP: 6/8
  2189 | D:3      | Found a hide-covered altar of Uskayaw.
  2315 | D:3      | Reached skill level 6 in Unarmed Combat
  2322 | D:3      | Found a deep blue altar of Sif Muna.
  2433 | D:3      | Found a faded altar of an unknown god.
  2481 | D:3      | Noticed Natasha
  2494 | D:3      | Killed Natasha
  2631 | D:4      | Reached XP level 6. HP: 32/47 MP: 7/9
  2646 | D:4      | Reached skill level 7 in Unarmed Combat
  2921 | D:4      | Learned a level 3 spell: Spider Form
  3707 | D:5      | Entered Level 5 of the Dungeon
  3780 | D:5      | Reached skill level 8 in Unarmed Combat
  3828 | D:5      | Your scales start taking on a glossy black colour.
  3828 | D:5      | Reached XP level 7. HP: 20/52 MP: 8/10
  3828 | D:5      | Gained mutation: You are resistant to electric shocks. (rElec) [Black Draconian growth]
  4159 | D:3      | Killed Sigmund
  4433 | D:5      | Reached skill level 9 in Unarmed Combat
  4452 | D:5      | Found Muott's Distillery.
  4461 | D:5      | Bought a potion of heal wounds for 60 gold pieces
  4461 | D:5      | Bought 2 potions of heal wounds for 120 gold pieces
  4685 | D:5      | Noticed a moth of wrath
  4714 | D:5      | Found a bloodstained altar of Trog.
  4984 | D:6      | Reached XP level 8. HP: 59/59 MP: 9/11
  5042 | D:6      | Found a shadowy altar of Dithmenos.
  5056 | D:6      | Reached skill level 10 in Unarmed Combat
  5547 | D:6      | Reached skill level 11 in Unarmed Combat
  5832 | D:6      | Got a pitted whip
  6055 | D:6      | Found a staircase to the Ecumenical Temple.
  6064 | Temple   | Entered the Ecumenical Temple
  6118 | Temple   | Became a worshipper of Cheibriados the Contemplative
  6675 | D:7      | Reached XP level 9. HP: 64/64 MP: 12/12
  6711 | D:7      | Reached skill level 12 in Unarmed Combat
  6761 | D:7      | Reached * piety under Cheibriados
  6779 | D:7      | Found a stormy altar of Qazlal.
  6886 | D:7      | Found a bloodstained altar of Trog.
  6911 | D:7      | Found Getangits's Gadget Shoppe.
  7026 | D:7      | Found a hazy altar of Hepliaklqana.
  7154 | D:8      | Found a shattered altar of Ashenzari.
  7156 | D:8      | Found an ancient bone altar of Kikubaaqudgha.
  7272 | D:8      | Noticed a two-headed ogre
  7561 | D:8      | Found a bloodstained altar of Trog.
  7827 | D:9      | Killed a two-headed ogre
  7827 | D:9      | Reached skill level 13 in Unarmed Combat
  8127 | D:9      | Noticed a two-headed ogre
  8137 | D:9      | Killed a two-headed ogre
  8137 | D:9      | Reached skill level 14 in Unarmed Combat
  8137 | D:9      | Reached XP level 10. HP: 48/71 MP: 11/13
  8212 | D:9      | Reached ** piety under Cheibriados
  8229 | D:9      | Found a shimmering altar of Xom.
  8267 | D:9      | Noticed a two-headed ogre
  8278 | D:9      | Killed a two-headed ogre
  8533 | D:9      | Found a staircase to the Orcish Mines.
  8870 | D:9      | Reached skill level 15 in Unarmed Combat
  8957 | D:9      | Noticed Gastronok
  9004 | D:9      | Killed Gastronok
  9270 | D:9      | Reached *** piety under Cheibriados
  9606 | D:10     | Entered Level 10 of the Dungeon
  9698 | D:10     | Reached XP level 11. HP: 86/93 MP: 14/14
  9703 | D:10     | Noticed Josephine
  9710 | D:10     | Killed Josephine
 10086 | D:10     | Reached **** piety under Cheibriados
 10220 | D:10     | Reached skill level 10 in Fighting
 10289 | D:10     | Noticed Grum
 10302 | D:10     | Killed Grum
 10716 | D:11     | Found a staircase to the Lair.
 10737 | D:11     | Reached ***** piety under Cheibriados
 10737 | D:11     | Reached skill level 5 in Transmutations
 11165 | D:11     | Learned a level 4 spell: Ice Form
 11242 | D:11     | Noticed a skeletal warrior
 11257 | D:11     | Noticed a skeletal warrior
 11273 | D:11     | Noticed a skeletal warrior
 11485 | Lair:1   | Entered Level 1 of the Lair of Beasts
 11537 | Lair:1   | Learned a level 5 spell: Blade Hands
 11974 | Lair:1   | Gained mutation: You are frail. (-10% HP) [potion of mutation]
 11974 | Lair:1   | Gained mutation: You are very frail. (-20% HP) [potion of mutation]
 11974 | Lair:1   | Gained mutation: You have a pair of small horns on your head. [potion of mutation]
 12219 | Lair:1   | Noticed a five-headed hydra
 12231 | Lair:1   | Killed a five-headed hydra
 12231 | Lair:1   | Reached XP level 12. HP: 48/84 MP: 14/18
 12922 | Lair:2   | Noticed a catoblepas
 12930 | Lair:2   | HP: 4/84 [spiny frog (3)]
 12931 | Lair:2   | Mangled by a catoblepas

Skill      XL: |  1  2  3  4  5  6  7  8  9 10 11 12 |
---------------+-------------------------------------+-----
Unarmed Combat | 4 5 6 8 9 11 14 15 | 15.0
Fighting       | 7 10 | 10.1
Transmutations | 7 8 |  8.1
Spellcasting   | 4 |  4.0
Dodging        | |  1.7

Action                   |  1- 3 |  4- 6 |  7- 9 | 10-12 || total
-------------------------+-------+-------+-------+-------++-------
Melee: Unarmed           |   113 |   192 |   313 |   389 ||  1007
       Headbutt          |     5 |    10 |     6 |    89 ||   110
       Kick              |     9 |     7 |     2 |       ||    18
       Tailslap          |    11 |    20 |    36 |    83 ||   150
       Punch             |       |     2 |    13 |    43 ||    58
 Cast: Beastly Appendage |    10 |    13 |    12 |    28 ||    63
       Sticks to Snakes  |       |    10 |     1 |     9 ||    20
       Ice Form          |       |       |       |     1 ||     1
Invok: Bend Time         |       |       |     2 |       ||     2
 Abil: Breathe Lightning |       |       |     2 |     4 ||     6
       End Transformatio |       |       |       |     1 ||     1
Evoke: Wand              |       |       |     1 |       ||     1
  Use: Potion            |     2 |     3 |     5 |     4 ||    14
       Scroll            |     2 |     9 |     3 |     8 ||    22
 Stab: Sleeping          |       |     1 |     6 |     1 ||     8
       Distracted        |       |     1 |       |     2 ||     3
  Eat: Chunk             |     1 |     5 |     8 |     8 ||    22
       Meat ration       |       |     1 |     1 |       ||     2
Armor: Skin              |    54 |    53 |    96 |    91 ||   294
Dodge: Dodged            |    74 |   122 |   215 |   268 ||   679
